 Dungeon Crawl Stone Soup version 0.16.0-7-ge91f220 (webtiles) character file.

35451 RobertPalmer the Covert (level 13, -9/71 HPs)
             Began as an Octopode Earth Elementalist on Mar 16, 2015.
             Was a High Priest of Vehumet.
             Mangled by a black mamba (17 damage)
             ... on level 6 of the Lair of Beasts.
             The game lasted 01:37:10 (24886 turns).

RobertPalmer the Covert (OpEE)                     Turns: 24886, Time: 01:37:10

Health: -9/71      AC:  4    Str:  8    XL:     13   Next: 83%
Magic:  23/23      EV: 19    Int: 21    God:    Vehumet [*****.]
Gold:   1091       SH:  0    Dex: 13    Spells: 4 memorised, 2 levels left

rFire  . . .     SeeInvis .     a - +5 short sword (elec)
rCold  . . .     Clarity  +     (no shield)
rNeg   . . .     SustAb   .     (helmet restricted)
rPois  .         Gourm    .     J - amulet of clarity {Clar, !d}
rElec  .         Spirit   .     S - +1 ring of evasion
rCorr  .         Warding  .     U - +3 ring of protection
rMut   .         Stasis   .     t - +3 ring of slaying
MR     .....                    (no ring)
Stlth  ++++++++..               (no ring)
                                (no ring)
                                (no ring)
                                (no ring)

@: lethally poisoned (-9 -> -16), not resistant to hostile enchantments,
extraordinarily stealthy
A: almost no armour, amphibious, 8 rings, constrict 8, camouflage 1, gelatinous
body 1
a: Renounce Religion


You were on level 6 of the Lair of Beasts.
You worshipped Vehumet.
Vehumet was extremely pleased with you.
You were very hungry.

You visited 2 branches of the dungeon, and saw 17 of its levels.
You also visited: Sewer and Ossuary.

You collected 1091 gold pieces.

Inventory:

Hand weapons
 a - a +5 short sword of electrocution (weapon)
   (You took it off an orc on level 3 of the Dungeon)
 f - a +0 blowgun
   (You took it off a kobold in a sewer)
Missiles
 s - a throwing net (quivered) {=f, !d}
 v - 20 poisoned needles
Jewellery
 l - an uncursed amulet of resist mutation {rMut, !d}
   (You found it on level 1 of the Dungeon)
 t - a +3 ring of slaying (on tentacle)
   (You found it on level 5 of the Lair of Beasts)
 J - an amulet of clarity (around mantle) {Clar, !d}
   (You found it on level 6 of the Dungeon)
 Q - an uncursed ring of flight {+Fly, !d}
   (You found it on level 1 of the Lair of Beasts)
 S - a +1 ring of evasion (left tentacle)
   (You found it on level 9 of the Dungeon)
 U - a +3 ring of protection (right tentacle)
   (You acquired it on level 2 of the Lair of Beasts)
Magical devices
 B - a wand of magic darts (25)
   (You found it on level 5 of the Dungeon)
 K - a wand of draining (0)
   (You found it on level 6 of the Lair of Beasts)
 N - a wand of digging (15)
   (You found it on level 7 of the Dungeon)
 P - a wand of polymorph (15)
   (You found it on level 1 of the Lair of Beasts)
 R - a wand of enslavement (0)
   (You found it on level 1 of the Lair of Beasts)
 T - a wand of polymorph (12)
   (You found it on level 9 of the Dungeon)
Scrolls
 c - 3 scrolls of remove curse
 d - a scroll of brand weapon
 i - 3 scrolls of magic mapping {!r}
 p - a scroll of fog
 w - 4 scrolls of enchant armour
 y - 3 scrolls of immolation {!r}
 z - a scroll of teleportation
 A - 2 scrolls of identify
 F - a scroll of recharging
 I - a scroll of vulnerability {!r!r}
Potions
 e - a potion of cancellation
 g - a potion of brilliance
 h - 11 potions of curing
 j - 2 potions of magic
 k - 9 potions of might
 m - a potion of lignification {!q}
 o - 2 potions of restore abilities
 x - a potion of haste
 E - a potion of resistance
 O - 2 potions of degeneration {!q}
 V - a potion of flight
Books
 n - a book of Necromancy
   (You found it on level 4 of the Lair of Beasts)
 r - a Grand Grimoire {highlevel, unknown}
   (You found it on level 1 of the Lair of Beasts)
 u - a book of Changes
   (You found it on level 4 of the Dungeon)
 H - a book of Unlife
   (You found it on level 5 of the Dungeon)
 W - a book of Fire
   (You found it on level 7 of the Lair of Beasts)
Miscellaneous
 D - a plain deck of summoning
   (You found it on level 6 of the Lair of Beasts)
Comestibles
 b - a beef jerky
 q - 11 bread rations
 G - 4 meat rations
 L - 4 fruits
 M - 3 slices of pizza


   Skills:
 - Level 2.0 Short Blades
 - Level 11.2 Dodging
 - Level 14.3 Stealth
 - Level 3.9 Spellcasting
 + Level 7.2 Conjurations
 - Level 11.9 Necromancy
   Level 1.0 Transmutations
 - Level 10.8 Earth Magic


You had 2 spell levels left.
You knew the following spells:

 Your Spells              Type           Power        Failure   Level  Hunger
a - Bolt of Draining      Conj/Necr      #####.....   2%          5    ######.
r - Regeneration          Chrm/Necr      ####......   3%          3    ###....
z - Lee's Rapid Deconstr  Erth           #####.....   1%          5    ######.
A - Animate Dead          Necr           N/A          1%          4    ####...


Dungeon Overview and Level Annotations

Branches:
Dungeon (10/15)            Temple (0/1) D:5            Lair (7/8) D:8
 Shoals (0/5) Lair:6        Slime (0/6) Lair:6          Orc (0/4) D:10
  Snake: Lair:3-6    Spider: Lair:3-6

Altars:
Elyvilon
Ru
Sif Muna
Vehumet

Annotations:
D:4 Eustachio
Lair:5 exclusion: 2 hydras


Innate Abilities, Weirdness & Mutations

You cannot wear most types of armour.
You are amphibious.
You can wear up to eight rings at the same time.
You can use your tentacles to constrict many enemies at once.
Your skin changes colour to match your surroundings (Stealth).
Your rubbery body absorbs attacks (AC +1).


Message History

HP restored.
You are near starving!
The alarm trap emits a blaring wail!
A sentinel's mark forms upon you.
You hear a trumpeting!
You hear a bellow!
You hear a trumpeting!
You hear a bellow! x5
Casting: Bolt of Draining
Confirm with . or Enter, or press ? or * to list all spells.
Aiming: Bolt of Draining
Press: ? - help, Shift-Dir - straight line, f - elephant
Aim: an elephant The bolt of negative energy hits the elephant.
The elephant is drained!
The elephant is moderately wounded.
The elephant tramples you.
You stumble backwards!
Casting: Bolt of Draining
Confirm with . or Enter, or press ? or * to list all spells.
Aiming: Bolt of Draining
Press: ? - help, Shift-Dir - straight line, f/p - elephant
Aim: an elephant (moderately wounded, lightly drained)
The bolt of negative energy hits the elephant.
The elephant is drained!
The elephant is severely wounded.
You are starving!
The elephant closely misses you. The elephant trunk-slaps you.
You don't have the energy to cast that spell.
Unknown command.
You hit the elephant but do no damage.
There is a sudden explosion of sparks!
You kill the elephant!
Vehumet accepts your kill.
You feel your power returning.
Drink which item? (? for menu, Esc to quit)
Okay, then.
Eat which item? (? for menu, Esc to quit)
You are feeling very hungry.
That choko was very bland.
Casting: Bolt of Draining
Confirm with . or Enter, or press ? or * to list all spells.
You call on the dead to rise...
The dead are walking!
You are near starving!
The yak gores your elephant zombie!
Your elephant zombie tramples the yak.
Your elephant zombie trunk-slaps the yak.
The yak gores your elephant zombie!
Your elephant zombie tramples the yak.
Your elephant zombie trunk-slaps the yak.
Something gores your elephant zombie! The elephant completely misses you. x2
The elephant barely misses you. The elephant trunk-slaps you.
The elephant tramples you!
You stumble backwards!
There is a stone staircase leading up here.
The sentinel's mark upon you fades away.
There is a stone staircase leading up here.
The elephant tramples you.
You stumble backwards!
You stop ascending the stairs.
The death yak misses you.
The elephant tramples you but does no damage.
The elephant barely misses you. The yak gores you.
The death yak bellows!
The elephant tramples you!
You stumble backwards!
The elephant tramples you!
You stumble backwards!
The death yak gores the plant!!
The death yak gores the plant!
Something gores the plant!
The elephant tramples you.
You stumble backwards!
There is a stone staircase leading up here.
The elephant barely misses you. The elephant misses you.
You climb upwards.
There is a stone staircase leading down here.
Casting: Animate Dead
Confirm with . or Enter, or press ? or * to list all spells.
Aiming: Bolt of Draining
Press: ? - help, Shift-Dir - straight line, f - elephant
Aim: an elephant The bolt of negative energy hits the elephant.
The elephant is drained!
The elephant is moderately wounded.
You are starving!
The elephant tramples you.
You stumble backwards!
Eat which item? (? for menu, Esc to quit)
You are feeling very hungry.
The elephant tramples you!
You stumble backwards!
That apple was delicious!
The elephant barely misses you. The elephant misses you.
The elephant seems less drained.
A black mamba comes into view.
The black mamba hisses angrily.
You hit the black mamba. You grab the black mamba.
The black mamba is moderately wounded.
You constrict the black mamba. The black mamba bites you!
You are poisoned.
The black mamba poisons you! The elephant tramples you!
* * * LOW HITPOINT WARNING * * *
You hold your ground!
The elephant barely misses you. The black mamba completely misses you.
You puncture the black mamba! You squeeze the black mamba.
The black mamba is almost dead.
You constrict the black mamba, but do no damage.
* * * LOW HITPOINT WARNING * * *
You feel sick. The black mamba bites you!
You die...

#.#...#####.......#P.........#
##........#.............#.#....
#..............................
##P......................##..>.
#................###.#.........
#....#P.#P..P.....##.#..##..#..
##.#####..........##.#..##..#..
### ##......Y....P.P..##.....
##.......@.........##.##.#
#........S................
####...........#..........
#...........#..........
###............#.......#.
########..............#......P##
##...#.P.#............#.##....##
#....................Z........#
.#............................##


You could see an elephant and a black mamba.

Vanquished Creatures
  5 hydras
  A catoblepas (Lair:4)
  Pikel (D:7)
  A manticore (Lair:6)
  2 griffons
  3 black mambas
  8 elephants
  A torpor snail (Lair:7)
  12 spiny frogs
  3 komodo dragons
  3 fire drakes
  5 blink frogs
  2 polar bears (Lair:3)
  Grinder (D:6)
  Duvessa (D:7)
  A spriggan (Lair:3)
  32 yaks
  9 hippogriffs
  A human (D:7)
  A hungry ghost (D:8)
  A steam dragon (Lair:2)
  Edmund (D:7)
  9 wolves
  An orc warrior (D:8)
  3 sky beasts
  10 porcupines
  8 water moccasins
  An ice beast (D:5)
  A wasp (Lair:3)
  A boring beetle (Lair:6)
  2 slaves
  A necrophage (D:7)
  A black bear (Lair:3)
  4 phantoms
  2 centaurs
  3 ogres
  4 crocodiles
  17 giant frogs
  3 big kobolds
  12 jellies (Lair:6)
  14 killer bees
  2 scorpions (D:9)
  18 wights
  Dowan (D:7)
  2 goliath beetles (D:8)
  9 hounds
  2 centaur skeletons
  5 crimson imps
  Crazy Yiuf (D:2)
  An orc priest (D:8)
  2 giant frog skeletons
  9 iguanas
  12 worker ants
  9 orc wizards
  6 sheep
  Ijyb (D:2)
  9 mummies
  7 gnolls
  86 river rats
  16 adders
  A shadow imp (D:5)
  4 giant mites
  2 worms
  7 giant geckos
  3 oozes
  38 orcs
  8 giant cockroaches
  2 gnoll zombies (Ossuary)
  14 goblins
  16 hobgoblins
  36 kobolds
  10 quokkas
  2 ball pythons
  19 bats
  A giant gecko skeleton (D:8)
  7 giant newts
  2 hobgoblin zombies (Ossuary)
  2 kobold zombies (Ossuary)
  2 orc zombies (Ossuary)
  A quokka zombie (D:8)
  19 rats
  2 fungi
  A plant (D:3)
589 creatures vanquished.

Vanquished Creatures (collateral kills)
  5 elephants
  2 blink frogs
  5 yaks
  A hippogriff (Lair:5)
  A wolf (Lair:3)
  2 porcupines
  2 jellies (Lair:6)
  A hound (Lair:6)
  5 sheep (Lair:4)
  3 river rats
  2 adders (Lair:4)
29 creatures vanquished.

Vanquished Creatures (others)
  A griffon zombie (Lair:6)
  A yak (Lair:1)
  2 slaves (D:7)
  2 spiny frog zombies
  3 elephant zombies
  A phantom (D:7)
  A blink frog zombie (Lair:6)
  An elephant skeleton (Lair:6)
  A fire drake zombie (Lair:7)
  A torpor snail zombie (Lair:7)
  A fire drake skeleton (Lair:6)
  2 water moccasin zombies
  A killer bee (D:7)
  2 yak zombies (Lair:6)
  A jelly (Lair:6)
  2 giant frog zombies
  A giant frog skeleton (Lair:6)
  A crocodile skeleton (Lair:7)
  An iguana zombie (Lair:1)
  5 river rat zombies (Lair:6)
  A goblin (D:7)
  A butterfly (D:2)
  9 fungi
  A plant (Lair:7)
43 creatures vanquished.

Grand Total: 661 creatures vanquished

Notes
Turn   | Place    | Note
--------------------------------------------------------------
     0 | D:1      | RobertPalmer, the Octopode Earth Elementalist, began the quest for the Orb.
     0 | D:1      | Reached XP level 1. HP: 11/11 MP: 3/3
   330 | D:1      | Reached XP level 2. HP: 17/17 MP: 1/4
   362 | D:1      | Reached skill level 3 in Stealth
  1020 | D:1      | Reached XP level 3. HP: 21/21 MP: 3/6
  1288 | D:1      | Reached skill level 4 in Earth Magic
  1744 | D:2      | Noticed Ijyb
  1750 | D:2      | Killed Ijyb
  1750 | D:2      | Reached XP level 4. HP: 20/27 MP: 1/7
  2454 | D:2      | Found a deep blue altar of Sif Muna.
  2568 | D:2      | Reached skill level 5 in Earth Magic
  2631 | D:2      | Noticed Crazy Yiuf
  2657 | D:2      | Killed Crazy Yiuf
  2657 | D:2      | Reached XP level 5. HP: 31/31 MP: 5/9
  2812 | D:3      | Found a radiant altar of Vehumet.
  2813 | D:3      | Found a white marble altar of Elyvilon.
  3158 | D:3      | Became a worshipper of Vehumet
  3338 | D:3      | Reached skill level 6 in Earth Magic
  3611 | D:3      | Reached XP level 6. HP: 34/36 MP: 4/10
  4239 | D:4      | Noticed Eustachio
  4363 | D:3      | HP: 9/36 [poisoned by a worker ant]
  4371 | D:3      | HP: 8/36 [poisoned by a worker ant]
  4827 | D:4      | Acquired Vehumet's first power
  4827 | D:4      | Offered knowledge of Shock by Vehumet.
  4834 | D:4      | Learned a level 5 spell: Lee's Rapid Deconstruction
  4838 | D:4      | Learned a level 3 spell: Stone Arrow
  4931 | D:4      | Reached skill level 2 in Short Blades
  5060 | D:4      | Reached skill level 7 in Earth Magic
  5060 | D:4      | Reached XP level 7. HP: 39/41 MP: 8/12
  5715 | D:5      | Entered Level 5 of the Dungeon
  5800 | D:5      | Reached skill level 8 in Earth Magic
  5835 | D:5      | Found a sand-covered staircase.
  5840 | Ossuary  | Entered an ossuary
  6080 | Ossuary  | Offered knowledge of Flame Tongue by Vehumet.
  6324 | D:5      | Found a glowing drain.
  6341 | D:5      | Reached XP level 8. HP: 41/46 MP: 13/13
  6345 | Sewer    | Entered a sewer
  6545 | Sewer    | Reached skill level 9 in Earth Magic
  6709 | D:5      | Found a staircase to the Ecumenical Temple.
  7095 | D:5      | Offered knowledge of Inner Flame by Vehumet.
  7346 | D:6      | Reached skill level 10 in Earth Magic
  7447 | D:6      | Noticed Grinder
  8018 | D:6      | Acquired Vehumet's second power
  8449 | D:6      | Reached XP level 9. HP: 51/51 MP: 9/15
  8473 | D:6      | Reached skill level 3 in Dodging
  8738 | D:6      | Reached skill level 4 in Dodging
  8978 | D:6      | Offered knowledge of Iskenderun's Mystic Blast by Vehumet.
  9050 | D:6      | Reached skill level 5 in Dodging
  9097 | D:7      | Noticed Edmund
  9114 | D:7      | Noticed Pikel
  9290 | D:6      | Killed Grinder
  9437 | D:7      | Noticed Duvessa
  9630 | D:6      | Reached skill level 6 in Dodging
  9991 | D:7      | Reached skill level 7 in Dodging
 10333 | D:6      | Acquired Vehumet's third power
 10375 | D:8      | Reached skill level 8 in Dodging
 10447 | D:8      | Reached XP level 10. HP: 42/56 MP: 7/16
 10633 | D:8      | Reached skill level 9 in Dodging
 10666 | D:7      | Offered knowledge of Iskenderun's Battlesphere by Vehumet.
 10678 | D:7      | Killed Pikel
 10696 | D:7      | Reached skill level 10 in Dodging
 11028 | D:7      | Killed Duvessa
 11042 | D:7      | Noticed Dowan
 11043 | D:7      | Killed Dowan
 11478 | D:7      | Killed Edmund
 11630 | D:8      | Reached skill level 11 in Dodging
 11836 | D:8      | Found a staircase to the Lair.
 11836 | D:8      | Noticed an elephant
 12190 | D:8      | Reached skill level 1 in Conjurations
 12198 | D:8      | HP: 3/56 [orc priest/divine providence (13)]
 12430 | D:8      | Reached skill level 2 in Conjurations
 12477 | D:8      | Offered knowledge of Bolt of Fire by Vehumet.
 12638 | Lair:1   | Entered Level 1 of the Lair of Beasts
 12673 | Lair:1   | Reached skill level 3 in Spellcasting
 12787 | Lair:1   | Noticed an eight-headed hydra
 12900 | Lair:1   | Reached skill level 4 in Stealth
 12919 | Lair:1   | Learned a level 6 spell: Bolt of Fire
 12929 | Lair:1   | Reached XP level 11. HP: 52/61 MP: 21/21
 13085 | Lair:1   | Reached skill level 3 in Conjurations
 13206 | Lair:1   | Reached skill level 4 in Conjurations
 13575 | D:8      | Reached skill level 5 in Conjurations
 14370 | D:9      | Reached skill level 6 in Conjurations
 14591 | D:9      | Found a sacrificial altar of Ru.
 15207 | D:10     | Entered Level 10 of the Dungeon
 15211 | D:10     | Found a staircase to the Orcish Mines.
 15242 | D:9      | HP: 13/61 [giant frog (3)]
 15542 | D:8      | Killed an elephant
 15542 | D:8      | Reached skill level 7 in Conjurations
 15764 | Lair:2   | Reached skill level 5 in Stealth
 15900 | Lair:2   | Identified a scroll of acquirement
 15956 | Lair:2   | Reached skill level 6 in Stealth
 16023 | Lair:2   | Offered knowledge of Force Lance by Vehumet.
 16156 | Lair:2   | Reached skill level 7 in Stealth
 16322 | Lair:2   | Reached skill level 8 in Stealth
 16604 | Lair:3   | Reached skill level 9 in Stealth
 16783 | Lair:3   | Found a deep blue altar of Sif Muna.
 16851 | Lair:3   | Reached skill level 10 in Stealth
 17069 | Lair:3   | Reached XP level 12. HP: 66/66 MP: 6/22
 17141 | Lair:3   | Reached skill level 11 in Stealth
 17251 | Lair:3   | Learned a level 4 spell: Animate Dead
 17289 | Lair:3   | Reached skill level 1 in Necromancy
 17503 | Lair:3   | Reached skill level 2 in Necromancy
 17759 | Lair:3   | Reached skill level 3 in Necromancy
 18037 | Lair:3   | Reached skill level 4 in Necromancy
 18182 | Lair:4   | Noticed a catoblepas
 18189 | Lair:4   | Killed a catoblepas
 18189 | Lair:4   | Reached skill level 5 in Necromancy
 18194 | Lair:4   | Noticed a four-headed hydra
 18195 | Lair:4   | Noticed a four-headed hydra
 18204 | Lair:4   | HP: 16/66 [hound (2)]
 18383 | Lair:3   | Noticed a four-headed hydra
 18589 | Lair:5   | Offered knowledge of Bolt of Draining by Vehumet.
 18609 | Lair:5   | Learned a level 5 spell: Bolt of Draining
 18707 | Lair:5   | Reached skill level 6 in Necromancy
 18794 | Lair:5   | Noticed a six-headed hydra
 18803 | Lair:5   | Noticed a five-headed hydra
 19308 | Lair:5   | Reached skill level 7 in Necromancy
 19845 | Lair:6   | Noticed a five-headed hydra
 19874 | Lair:6   | Killed a five-headed hydra
 19874 | Lair:6   | Reached skill level 8 in Necromancy
 19960 | Lair:6   | Noticed a five-headed hydra
 19974 | Lair:6   | Killed a five-headed hydra
 20040 | Lair:6   | Reached skill level 9 in Necromancy
 20109 | Lair:6   | Found a staircase to the Shoals.
 20157 | Lair:6   | Found a staircase to the Slime Pits.
 20353 | Lair:6   | Reached XP level 13. HP: 58/71 MP: 10/23
 20398 | Lair:6   | Reached skill level 10 in Necromancy
 21081 | Lair:4   | Killed a four-headed hydra
 21107 | Lair:4   | Reached skill level 11 in Necromancy
 21229 | Lair:4   | Killed a four-headed hydra
 21298 | Lair:4   | Offered knowledge of Poisonous Cloud by Vehumet.
 21327 | Lair:4   | Learned a level 3 spell: Regeneration
 21851 | Lair:1   | Killed an eight-headed hydra
 22675 | Lair:6   | Reached skill level 12 in Stealth
 23307 | Lair:7   | HP: 16/71 [water moccasin[a fire drake zombie] (6)]
 23644 | Lair:6   | Reached skill level 13 in Stealth
 24392 | Lair:6   | Reached skill level 14 in Stealth
 24885 | Lair:6   | HP: 9/71 [elephant (16)]
 24886 | Lair:6   | Mangled by a black mamba

Action                   |  1- 3 |  4- 6 |  7- 9 | 10-12 | 13-15 || total
-------------------------+-------+-------+-------+-------+-------++-------
Melee: Unarmed           |     4 |       |       |       |       ||     4
       Dagger            |     7 |       |       |       |       ||     7
       Club              |       |    70 |       |       |       ||    70
       Short sword       |       |    10 |   163 |   393 |   189 ||   755
 Fire: Blowgun           |       |       |     4 |     7 |       ||    11
Throw: Stone             |     2 |    12 |    10 |    14 |     1 ||    39
 Cast: Sandblast         |    65 |    49 |    46 |     5 |       ||   165
       Stone Arrow       |       |     4 |    65 |    72 |       ||   141
       Lee's Rapid Decon |       |       |    13 |    70 |     8 ||    91
       Bolt of Draining  |       |       |       |    30 |    53 ||    83
       Animate Dead      |       |       |       |     2 |    29 ||    31
Evoke: Wand              |       |     1 |     3 |    11 |     2 ||    17
  Use: Scroll            |     2 |     6 |    18 |    27 |     4 ||    57
       Potion            |       |       |     8 |    15 |     7 ||    30
 Stab: Sleeping          |     4 |     6 |    12 |    19 |     6 ||    47
       Distracted        |       |     1 |       |     2 |     3 ||     6
  Eat: Chunk             |     3 |     9 |    16 |    54 |    31 ||   113
       Beef jerky        |       |     1 |       |     4 |     1 ||     6
       Meat ration       |       |       |     1 |       |       ||     1
       Pizza             |       |       |     1 |     4 |     1 ||     6
       Fruit             |       |       |     4 |     4 |     4 ||    12
       Bread ration      |       |       |     1 |       |       ||     1
       Royal jelly       |       |       |       |     1 |       ||     1

Vault maps used:
D:1:      erik_arrival_gehennom
D:2:      wad_crossroads, first_bread, minmay_misc_feat_ornament, led_sif_pool,
          uniq_crazy_yiuf_cottage, uniq_iyjb
D:3:      gammafunk_temple_overflow_pools, serial_bayou, serial_bayou_lagoon_b,
          serial_bayou_lagoon_a, serial_bayou_shore_b, serial_bayou_pond_d
D:4:      hangedman_abyss_or_decor_passed, hex_medium, uniq_eustachio
D:5:      minmay_temple_entry_purple_smoke, nicolae_ossuary_entry_plus,
          portal_sewer_entry_c, minmay_misc_feat_five, st_stairs_6
D:6:      uniq_grinder
D:7:      eino_jars, grunt_livestock, wad_rectangle_vault, uniq_duvessa,
          uniq_pikel, uniq_edmund
D:8:      david_lair_generic
D:9:      nicolae_ru_path_of_blood, serial_co_window_serial, co_window_paths_a,
          co_window_corner_a, co_window_of_opportunity_a, co_window_cross_1,
          co_window_paths_b, co_window_unsneaky_path_c, co_window_corner_b,
          co_window_2corner, co_window_corner_ca, co_window_broadway_a,
          co_window_sun, co_window_4corner_b, glass_columns_a,
          grunt_ministairs_2
D:10:     serial_park_square1, david_orc_2, minivault_27
Lair:1:   beast_lair_carwin_3
Lair:2:   cheibrodos_lair_caveside_slide, grunt_megastairs_4,
          serial_bayou_shore_b
Lair:3:   basic_altar, forest_entry_grove, infiniplex_staircase_pool_2
Lair:5:   dummy_snake_entry
Lair:6:   minmay_shoals_entry_beasts, minmay_slime_entry_jelly_boxes,
          grunt_megastairs_3
Sewer:    kennysheep_pipe_town
Ossuary:  ossuary_tomb_3

Table legend:
 A = Turns spent in this place as a percentage of turns spent in the entire game.
 B = Non-inter-level travel turns spent in this place as a percentage of non-inter-level travel turns spent in the entire game.
 C = Inter-level travel turns spent in this place as a percentage of turns spent in this place.
 D = Turns resting spent in this place as a percentage of non-inter-level travel turns spent in this place.
 E = Turns spent auto-exploring this place as a percentage of non-inter-level travel turns spent in this place.
 F = Non-inter-level travel turns spent in this place divided by the number of levels of this place that you've seen.
                   A       B       C       D       E      F
               +-------+-------+-------+-------+-------+----------------------
         Total | 100.0 | 100.0 |   0.3 |   2.2 |   2.0 | 625.6
       Dungeon |  47.2 |  47.2 |   0.4 |   2.7 |   3.1 | 560.9
          Lair |  48.0 |  48.0 |   0.2 |   1.8 |   1.1 | 815.0
         Sewer |   2.1 |   2.1 |   0.0 |   0.0 |   0.8 | 250.0
       Ossuary |   2.7 |   2.7 |   0.0 |   1.9 |   0.0 | 322.0
               +-------+-------+-------+-------+-------+----------------------

Table legend:
 A = Kills in this place as a percentage of kills in entire the game.
 B = Kills by you in this place as a percentage of kills by you in the entire game.
 C = Kills by friends in this place as a percentage of kills by friends in the entire game.
 D = Other kills in this place as a percentage of other kills in the entire game.
 E = Experience gained in this place as a percentage of experience gained in the entire game.
 F = Experience gained in this place divided by the number of levels of this place that you have seen.
                   A       B       C       D       E      F
               +-------+-------+-------+-------+-------+----------------------
         Total | 100.0 | 100.0 | 100.0 | 100.0 | 100.0 | 2665.5
       Dungeon |  49.1 |  51.7 |   0.0 |   0.0 |  21.5 | 1086.4
          Lair |  44.4 |  41.4 | 100.0 | 100.0 |  77.8 | 5631.9
         Sewer |   3.9 |   4.1 |   0.0 |   0.0 |   0.4 | 202.0
       Ossuary |   2.6 |   2.7 |   0.0 |   0.0 |   0.3 | 156.0
               +-------+-------+-------+-------+-------+----------------------
